 Dungeon Crawl Stone Soup version 0.31.0-2-g5a2aebc5c2 (webtiles) character file.

Game seed: 2469938690629802693

463 freelancePsychic the Trooper (level 7, 0/72 HPs)
             Began as an Oni Hexslinger on Jan 20, 2024.
             Killed from afar by an orc wizard (8 damage)
             ... with a magic dart
             ... on level 4 of the Dungeon.
             The game lasted 00:06:27 (4446 turns).

freelancePsychic the Trooper (Oni Hexslinger)       Turns: 4446, Time: 00:06:27

Health: 0/72       AC:  3    Str: 13    XL:     7   Next: 7%
Magic:  9/10       EV: 10    Int: 16    God:
Gold:   277        SH:  0    Dex: 11    Spells: 5/10 levels left

rFire   . . .        g - +0 whip (venom)
rCold   . . .        (no shield)
rNeg    . . .        c - +0 robe
rPois   .            (helmet restricted)
rElec   .            (no cloak)
rCorr   .            (gloves unavailable)
SInv    .            (boots unavailable)
Will    .....        (no amulet)
Stlth   +            (no ring)
HPRegen 0.32/turn    (no ring)
MPRegen 0.12/turn

%: no passive effects
@: weak-willed
A: large, unfitting armour, horns 1, tough skin 1, double potion healing,
drunken brawling
a: no special abilities


You were on level 4 of the Dungeon.
You visited 1 branch of the dungeon, and saw 5 of its levels.

You collected 277 gold pieces.

Inventory:

Hand Weapons
 a - a +1 sling
 g - a +0 whip of venom (weapon)
Missiles
 o - 4 curare-tipped darts
Armour
 c - a +0 robe (worn)
Talismans
 m - a blade talisman
Scrolls
 b - a scroll of poison
 h - a scroll of vulnerability
 j - 4 scrolls of teleportation {@r4}
 k - a scroll of immolation
 l - a scroll of fog
 n - 2 scrolls of blinking {unknown}
 q - a scroll of enchant weapon {unknown}
 r - a scroll of amnesia {unknown}
Potions
 d - a potion of enlightenment
 e - a potion of resistance
 f - 4 potions of curing {@q1}
 i - a potion of might
 p - a potion of heal wounds {unknown}


   Skills:
 + Level 5.2 Fighting
 + Level 0.0 Maces & Flails
 - Level 1.6 Ranged Weapons
 - Level 1.7 Dodging
 + Level 2.4 Spellcasting
 - Level 4.4 Hexes
 + Level 3.4 Fire Magic


You had 5 spell levels left.
You knew the following spells:

 Your Spells              Type           Power      Damage    Failure   Level
a - Jinxbite              Hex            32%        N/A       4%          2
b - Inner Flame           Hex/Fire       14%        N/A       12%         3

Your spell library contained the following spells:

 Spells                   Type           Power      Damage    Failure   Level
 Sigil of Binding         Hex            16%        N/A       10%         3
 Ensorcelled Hibernation  Hex/Ice        18%        N/A       12%         2
 Cause Fear               Hex            8%         N/A       32%         4
 Passwall                 Erth           1%         N/A       52%         3
 Swiftness                Air            1%         N/A       52%         3
 Dimensional Bullseye     Hex/Tloc       4%         N/A       63%         4
 Conjure Ball Lightning   Conj/Air       0%         3x3d6     100%        6
 Discord                  Hex            8%         N/A       100%        8
 Disjunction              Tloc           0%         N/A       100%        8


Dungeon Overview and Level Annotations

Branches:
Dungeon (5/15)
 Temple: D:4-7

Altars:
Makhleb
Qazlal
The Shining One


Innate Abilities, Weirdness & Mutations

You are too large for most types of armour.
You have a pair of small horns on your head.
You have tough skin. (AC +1)
You gain doubled healing and magic from potions.
Whenever you drink a healing potion, you attack all around you.


Message History

You are too injured to fight recklessly!
You are too injured to fight recklessly!
You are too injured to fight recklessly!
You are too injured to fight recklessly!
You are too injured to fight recklessly!
You closely miss the orc.
The orc is lightly wounded.
You hear some strange, mumbled words.
Something tries to affect you, but you resist.
The orc hits you with a +0 mace.
You hit the orc but do no damage. You headbutt the orc, but do no damage.
The orc is moderately wounded.
You hear some strange, mumbled words.
A magic dart appears from out of thin air!
The magic dart hits you! The orc hits you with a +0 mace.
A giant cockroach comes into view.
You hit the orc but do no damage. Your headbutt misses the orc.
The orc is moderately wounded.
You hear some strange, mumbled words.
A puff of flame appears from out of thin air!
The puff of flame hits you. The orc hits you with a +0 mace.
You barely miss the orc.
The orc is moderately wounded.
You hear some strange, mumbled words.
A magic dart appears from out of thin air!
The magic dart hits you!
* * * LOW HITPOINT WARNING * * *
The orc hits you with a +0 mace!
* * * LOW HITPOINT WARNING * * *
You hit the orc but do no damage.
The orc is severely wounded.
Something hits you.
* * * LOW HITPOINT WARNING * * *
The orc closely misses you.
You hit the orc but do no damage.
The orc is severely wounded.
You hear some strange, mumbled words.
A magic dart appears from out of thin air!
The magic dart hits you!
You die...

................#
................#
................#
................########'
...#########............
...#.......#............
...+.......'............
...#.......#.....{.B....
...#.......#....@o......
####.......#........####
...[.......'>.......#
..##)......#........#
..##.......#........#
..+........#........#
..#.......)##########
..#.........#
####'########


You could see an orc (poisoned) and a giant cockroach.

Vanquished Creatures
  An ogre (D:5)
  2 bombardier beetles
  2 hounds
  3 iguanas
  Jessica (D:3)
  6 adders
  2 ribbon worms (D:3)
  A dart slug (D:1)
  4 orcs
  7 endoplasms
  6 giant cockroaches
  8 goblins
  5 hobgoblins
  9 jackals
  3 quokkas
  4 ball pythons
  6 bats (D:2)
  A frilled lizard (D:1)
  7 kobolds
  4 rats
82 creatures vanquished.

Notes
Turn   | Place    | Note
-------+----------+-------------------------------------------
     0 | D:1      | freelancePsychic the Oni Hexslinger began the quest for the
                  | Orb.
     0 | D:1      | Reached XP level 1. HP: 19/19 MP: 2/2
    16 | D:1      | Reached skill level 1 in Fire Magic
   178 | D:1      | Reached XP level 2. HP: 28/28 MP: 3/3
   221 | D:1      | Reached skill level 2 in Fighting
   984 | D:1      | Learned a level 2 spell: Jinxbite
   999 | D:1      | Reached XP level 3. HP: 25/35 MP: 2/4
  1428 | D:2      | Reached XP level 4. HP: 33/44 MP: 3/5
  1511 | D:2      | Reached skill level 3 in Fighting
  2211 | D:3      | Noticed Jessica
  2215 | D:3      | Killed Jessica
  2264 | D:3      | Reached XP level 5. HP: 53/53 MP: 3/6
  2520 | D:3      | Found a glowing golden altar of the Shining One.
  2615 | D:3      | Found a stormy altar of Qazlal.
  3088 | D:4      | Reached skill level 4 in Fighting
  3266 | D:4      | Learned a level 3 spell: Inner Flame
  3293 | D:4      | Reached XP level 6. HP: 37/63 MP: 5/7
  3621 | D:4      | HP: 2/63 [orc/+0 whip of venom (4)]
  3655 | D:5      | Entered Level 5 of the Dungeon
  4002 | D:5      | Found a burning altar of Makhleb.
  4272 | D:5      | Reached skill level 5 in Fighting
  4374 | D:5      | Reached XP level 7. HP: 68/72 MP: 8/10
  4446 | D:4      | Killed from afar by an orc wizard

Illustrated notes

Levels and vault maps discovered:
D:1:      dpeg_arrival_shrine, layout_basic, minmay_tromino_v4_c
D:2:      layout_basic, serial_aquarium, aquarium_bridge_square
          [aquarium_subvault_window, aquarium_subvault_bridge,
          aquarium_subvault_bridge, aquarium_subvault_window],
          aquarium_window_1, aquarium_window_2, aquarium_window_corner,
          aquarium_view_2b, aquarium_balcony_3b, aquarium_pool_split
D:3:      layout_basic, tso_metal_star, mainiacjoe_overflow_cross_hatched,
          serial_forest, infiniplex_forest_zigzag_1, infiniplex_forest_end_1,
          infiniplex_forest_lined_3, infiniplex_forest_pool,
          infiniplex_forest_fountain, infiniplex_forest_lined_2,
          infiniplex_forest_clump_tiny, infiniplex_forest_end_1, uniq_jessica
D:4:      layout_gridville, lemuel_coloured_pillars_altar
D:5:      layout_basic, nicolae_overflow_crystal_walls,
          mainiacjoe_overflow_alcove_4, serial_corexii_hall,
          chequers_hall_statues_wall_a, chequers_hall_statues_wall_a

Skill      XL: |  1  2  3  4  5  6 |
---------------+-------------------+-----
Fire Magic     | 1 2 3 |  3.4
Fighting       | 2 3 4 5 |  5.2
Hexes          | 3 4 |  4.4
Spellcasting   | 2 |  2.4
Ranged Weapons | |  1.6
Dodging        | |  1.7

Action                     |  1- 3 |  4- 6 |  7- 9 || total
---------------------------+-------+-------+-------++-------
  Melee: Sling             |       |     2 |       ||     2
         Whip              |       |       |    10 ||    10
         Headbutt          |       |       |     2 ||     2
   Fire: Sling             |   120 |   162 |     1 ||   283
   Cast: Jinxbite          |    10 |    22 |     1 ||    33
    Use: Scroll            |       |     5 |       ||     5
         Potion            |       |     4 |       ||     4
   Stab: Invisible         |       |     1 |       ||     1
 Armour: Robe              |    47 |    94 |    17 ||   158
  Dodge: Dodged            |    34 |    66 |     1 ||   101
